 Dungeon Crawl Stone Soup version 0.30-a0-964-gd452b5e7fa (webtiles) character file.

Game seed: 9299362232368842707

62378 IdlyInterested the Bludgeoner (level 14, -12/111 HPs)
             Began as a Demonspawn Fighter on Mar 29, 2023.
             Was a High Priest of Trog.
             Mangled by a cane toad (15 damage)
             ... on level 3 of the Lair of Beasts on Mar 30, 2023.
             The game lasted 01:05:56 (17625 turns).

IdlyInterested the Bludgeoner (Demonspawn Fighter) Turns: 17625, Time: 01:05:57

Health: -12/111    AC: 25    Str: 22    XL:     14   Next: 64%
Magic:  0/12       EV: 11    Int: 18    God:    Trog [*****.]
Gold:   845        SH:  4    Dex: 17    Spells: 13/13 levels left

rFire   . . .      SeeInvis .    N - +4 eveningstar of the Trees {elec, Drain rN+ Dex+2}
rCold   + + +      Faith    .    (no shield)
rNeg    + . .      Spirit   +    G - +4 chain mail {rPois}
rPois   +          Reflect  .    L - +1 helmet of Idwyoza {+Blink Int+3}
rElec   .          Rampage  .    V - +1 cloak "Juciacoe" {Will+ rCorr Str+2}
rCorr   +          Clarity  +    (no gloves)
Will    +++++                    (no boots) Stlth
                                 A - amulet "Giash" {Spirit +Inv rC+++ Regen+ Stlth-}
HPRegen 2.18/turn                g - ring of willpower
MPRegen 0.13/turn                d - +6 ring of dexterity

@: lethally poisoned (-12 -> -13), strong-willed, regenerating, studying Unarmed
Combat, unable to drink
A: thin metallic scales 1, icemail 1, powered by death 2, condensation shield,
demonic touch 2, clarity, clever 1, clumsy 1, low MP 1, inability to drink after
injury 1, sturdy frame 1
a: Renounce Religion, Evoke Blink, Evoke Invisibility, Berserk, Trog's Hand,
Brothers in Arms


You were on level 3 of the Lair of Beasts.
You worshipped Trog.
Trog was extremely pleased with you.
You visited 3 branches of the dungeon, and saw 19 of its levels.
You also visited: Gauntlet and Ice Cave.

You collected 1288 gold pieces.
You spent 443 gold pieces at shops.

Inventory:

Hand Weapons
 a - a +1 great mace of protection
 K - a +1 morningstar
 N - the +4 eveningstar of the Trees (weapon) {elec, Drain rN+ Dex+2}
   (You acquired it on level 13 of the Dungeon)

   Dex:       It affects your dexterity (+2).
   rN:        It protects you from negative energy.
   Drain:     It drains your maximum health when unequipped.
 R - a +3 great mace of freezing
 W - a +3 great mace of draining
Missiles
 e - 111 stones (quivered)
 q - 5 throwing nets
 x - 5 atropa-tipped darts
 z - 3 boomerangs
 B - 21 poisoned darts
 I - a curare-tipped dart
 O - 11 javelins
Armour
 r - a +0 robe of fire resistance
 G - a +4 chain mail of poison resistance (worn)
 L - the +1 helmet of Idwyoza (worn) {+Blink Int+3}
   (You found it on level 10 of the Dungeon)

   Int:       It affects your intelligence (+3).
   +Blink:    It lets you blink.
 V - the +1 cloak "Juciacoe" (worn) {Will+ rCorr Str+2}
   (You found it in a Gauntlet)

   Str:       It affects your strength (+2).
   rCorr:     It protects you from acid and corrosion.
   Will:      It increases your willpower.
 X - quicksilver dragon scales
Jewellery
 d - a +6 ring of dexterity (right hand)
 g - a ring of willpower (left hand)
 l - an amulet of reflection
 A - the amulet "Giash" (around neck) {Spirit +Inv rC+++ Regen+ Stlth-}
   (You found it on level 4 of the Dungeon)

   [amulet of guardian spirit]

   It causes incoming damage to be divided between your reserves of health and
   magic.
   rC:        It renders you almost immune to cold.
   +Inv:      It lets you turn invisible.
   Regen:     It increases your rate of health regeneration.
   Stlth:     It makes you less stealthy.
 U - the ring "Viopno" {rN+ Str+2}
   (You found it in an ice cave)

   [ring of positive energy]

   Str:       It affects your strength (+2).
   rN:        It protects you from negative energy.
Wands
 j - a wand of paralysis (27)
 o - a wand of mindburst (23)
 p - a wand of flame (10)
 u - a wand of iceblast (27)
 y - a wand of acid (10)
 M - a wand of digging (5)
Scrolls
 i - 6 scrolls of fog
 s - 2 scrolls of enchant armour
 C - 8 scrolls of identify
 F - 3 scrolls of blinking
 H - a scroll of butterflies
 J - 2 scrolls of teleportation
 T - 3 scrolls of magic mapping
Potions
 b - 4 potions of mutation
 c - 7 potions of curing
 f - a potion of magic
 k - 5 potions of resistance
 m - 4 potions of cancellation
 t - a potion of might
 v - a potion of ambrosia
 w - 3 potions of flight
 D - 2 potions of heal wounds
 P - a potion of haste
Miscellaneous
 Y - a condenser vane
 Z - a phantom mirror


   Skills:
 + Level 10.7 Fighting
 * Level 18.4 Maces & Flails
 - Level 2.0 Throwing
 - Level 8.0 Armour
 - Level 4.0 Dodging
 - Level 2.0 Stealth
 - Level 2.6 Shields
 - Level 8.0 Unarmed Combat
 - Level 2.0 Evocations


You had 13 spell levels left.
You didn't know any spells.
Your spell library contained the following spells:

 Spells                   Type           Power      Damage    Failure   Level
 Ensorcelled Hibernation  Hex/Ice        0%         N/A       80%         2
 Passwall                 Tmut/Erth      0%         N/A       80%         2
 Ignite Poison            Fire/Tmut/Pois 0%         N/A       95%         3
 Swiftness                Air            0%         N/A       95%         3
 Anguish                  Hex/Necr       0%         N/A       100%        4
 Animate Armour           Summ/Erth      0%         N/A       100%        4
 Blade Hands              Tmut           0%         N/A       100%        5
 Yara's Violent Unravell  Hex/Tmut       0%         3d3       100%        5
 Iron Shot                Conj/Erth      0%         9d1       100%        6
 Statue Form              Tmut/Erth      0%         N/A       100%        6
 Enfeeble                 Hex            0%         N/A       100%        7
 Storm Form               Tmut/Air       0%         N/A       100%        7


Dungeon Overview and Level Annotations

Branches:
Dungeon (15/15)            Temple (1/1) D:6            Lair (3/5) D:8
  Swamp (0/4) Lair:2       Spider (0/4) Lair:2          Orc (0/2) D:10
 Vaults (0/5) D:14         Depths (0/4) D:15          IceCv (visited)
Gauntlet (visited)

Altars:
Ashenzari
Cheibriados
Dithmenos
Fedhas
Gozag
Hepliaklqana
Kikubaaqudgha
Makhleb
Nemelex Xobeh
Okawaru
Qazlal
Ru
Sif Muna
Trog
Uskayaw
Vehumet
Wu Jian
Xom
Yredelemnul

Shops:
D:1 :   D:2 [*[(=   D:9 =


Innate Abilities, Weirdness & Mutations

You are partially covered in thin metallic scales. (AC +2)
A meltable icy envelope protects you from harm. (AC +4)
You regenerate health from kills.
A meltable shield of frost defends you. (SH +4)
Your touch may inflict irresistible damage on your foes.
You possess an exceptional clarity of mind.
Your mind is acute. (Int +4, Str/Dex -1)
You are clumsy. (Dex -2)
Your magical capacity is low. (-10% MP)
You occasionally lose the ability to drink potions when taking damage.
Your movements are slightly less encumbered by armour. (ER -2)


Message History

The death yak is almost dead.
You feel sick. The death yak gores you!
* * * LOW HITPOINT WARNING * * *
The cane toad barely misses you.
Unknown command.
You feel much better.
You feel very sick. The cane toad closely misses you.
The cane toad stings you but does no damage.
The death yak gores you!
You feel threatened and lose the ability to drink potions!
* * * LOW HITPOINT WARNING * * *
The cane toad stings you but does no damage. x3
You puncture the death yak!
You kill the death yak!
Trog accepts your kill.
You feel sick. The cane toad stings you!
* * * LOW HITPOINT WARNING * * *
You bludgeon the cane toad!!
Lightning courses through the cane toad!
The cane toad is almost dead.
You feel sick. The cane toad misses you.
The cane toad stings you but does no damage.
You hit the cane toad.
You kill the cane toad!
Trog accepts your kill.
You feel sick.
The cane toad stings you but does no damage.
The cane toad stings you.
* * * LOW HITPOINT WARNING * * *
Your skin crawls.
You feel strong-willed.
You feel sick. The cane toad completely misses you. The cane toad stings you.
* * * LOW HITPOINT WARNING * * *
You hit the cane toad.
The cane toad is lightly wounded.
The cane toad stings you.
* * * LOW HITPOINT WARNING * * *
The cane toad stings you!
You die...

.................
#............ ... P .
................ .. .
##P.............. ... .
#.P..###.....P#. ....
.###PP............#.....
......P#.......†.F......
....<..........†@F......
.......#..........#.....
.<.....# .........# ...
................... .
........######..##..
.......... ... ...
........... .... ....
................ ....#
..........


You could see 2 cane toads.

Vanquished Creatures
  An emperor scorpion (D:15)
  A cacodemon (Gauntlet)
  A minotaur (Gauntlet)
  A blizzard demon (Gauntlet)
  A hydra (D:15)
  2 centaur warriors
  2 catoblepae
  An ogre mage (D:15)
  2 dancing weapons (D:14)
  3 boulder beetles
  3 death yaks (Lair:3)
  4 two-headed ogres
  5 tengu warriors
  A fire crab (Gauntlet)
  Lodul (D:10)
  A goliath frog (shapeshifter) (D:15)
  A bog body (Lair:2)
  2 necromancers
  Pikel (D:7)
  A deep elf pyromancer (D:14)
  An orc knight (D:15)
  5 cyclopes
  A wolf spider (D:15)
  A cyclops (shapeshifter) (D:14)
  3 ugly things
  7 manticores
  A torpor snail (Lair:2)
  An ice statue (IceCv)
  2 black mambas
  5 cane toads
  A rime drake (shapeshifter) (D:14)
  Psyche (D:8)
  A rime drake (Lair:1)
  An unseen horror (D:11)
  A tengu conjurer (D:12)
  3 komodo dragons
  4 yaktaurs (D:15)
  A freezing wraith (IceCv)
  2 anaconda simulacra (IceCv)
  14 ice devils (IceCv)
  A merfolk (D:15)
  A hornet (D:10)
  7 trolls
  Prince Ribbit (D:6)
  3 blink frogs (Lair:1)
  9 slime creatures (D:13)
  A raiju (Gauntlet)
  5 shadows (D:10)
  2 centaur simulacra (Gauntlet)
  2 dire elephant simulacra (IceCv)
  7 wraiths
  4 wyverns
  2 fire bats (Gauntlet)
  5 vampires (D:10)
  22 yaks
  4 basilisks
  3 death yak simulacra (IceCv)
  3 steam dragons
  14 vampire mosquitoes
  3 harpy simulacra (IceCv)
  3 neqoxecs (Gauntlet)
  Edmund (D:4)
  7 water moccasins
  3 black bears
  2 sky beasts
  An ice beast (D:7)
  4 orc warriors
  An ice dragon simulacrum (Gauntlet)
  10 ogres
  5 boggarts
  15 wolves
  2 phantoms
  3 centaurs
  11 bullfrogs
  2 kobold brigands (D:9)
  A gnoll sergeant (D:8)
  2 two-headed ogre simulacra
  8 scorpions
  9 cane toad simulacra
  7 wights
  3 elephant simulacra
  17 killer bees
  8 howler monkeys
  5 electric eels (D:10)
  A lava snake (D:8)
  4 centaur zombies (D:10)
  A gnoll bouda (D:8)
  9 orc priests
  5 hounds
  4 iguanas
  5 troll simulacra
  3 yak simulacra (D:12)
  12 orc wizards
  A spriggan simulacrum (IceCv)
  7 polar bear simulacra
  6 wolf simulacra
  19 gnolls
  3 naga simulacra
  13 adders
  2 white imps
  3 worms
  A dart slug (D:1)
  47 orcs
  5 ball pythons
  5 endoplasms
  5 giant cockroaches
  3 goblins
  7 hobgoblins
  6 jackals
  2 quokkas
  3 bats
  7 frilled lizards
  15 kobolds
  2 rats
  3 river rat simulacra (D:12)
529 creatures vanquished.

Vanquished Creatures (others)
  A wizard (D:10)
  2 fungi
  18 plants
  2 withered plants (D:10)
23 creatures vanquished.

Grand Total: 552 creatures vanquished

Notes
Turn   | Place    | Note
-------+----------+-------------------------------------------
     0 | D:1      | IdlyInterested the Demonspawn Fighter began the quest for
                  | the Orb.
     0 | D:1      | Reached XP level 1. HP: 18/18 MP: 1/1
    78 | D:1      | Reached skill level 2 in Maces & Flails
   145 | D:1      | Gained mutation: Your touch may inflict minor irresistible
                  | damage on your foes. [demonic ancestry]
   145 | D:1      | Reached XP level 2. HP: 24/24 MP: 2/2
   347 | D:1      | Found Lutaafoi's Book Emporium.
   527 | D:1      | Found a faded altar of an unknown god.
   948 | D:2      | Gained mutation: You are partially covered in thin metallic
                  | scales. (AC +2) [demonic ancestry]
   948 | D:2      | Reached XP level 3. HP: 23/29 MP: 3/3
  1028 | D:2      | Reached skill level 1 in Unarmed Combat
  1099 | D:2      | Found Camun's Assorted Antiques.
  1106 | D:2      | Bought a scroll labelled INOGOM VEIP for 29 gold pieces
  1106 | D:2      | Bought a scroll labelled ZYFAITE BYN for 29 gold pieces
  1106 | D:2      | Bought a grey potion for 26 gold pieces
  1154 | D:2      | Reached skill level 3 in Maces & Flails
  1173 | D:2      | Found Kurchihus's Jewellery Boutique.
  1284 | D:2      | Found Syer Tats's Antique Armour Shop.
  1291 | D:2      | Found Bohycsua's Weapon Shoppe.
  1394 | D:2      | Found Emischeef's Antique Armour Emporium.
  1830 | D:3      | Reached XP level 4. HP: 35/35 MP: 4/4
  1890 | D:3      | You fall into a shaft and drop 1 floor!
  1946 | D:4      | Noticed Edmund
  1954 | D:4      | Killed Edmund
  1955 | D:4      | Reached skill level 4 in Maces & Flails
  1955 | D:4      | Reached XP level 5. HP: 27/41 MP: 2/5
  2444 | D:4      | Gained mutation: A meltable shield of frost defends you.
                  | (SH +4) [demonic ancestry]
  2444 | D:4      | Reached XP level 6. HP: 37/47 MP: 4/6
  2452 | D:4      | Reached skill level 5 in Maces & Flails
  2652 | D:2      | Bought a clear potion for 26 gold pieces
  2715 | D:3      | Found a broken altar of Ashenzari.
  2724 | D:3      | Found a sparkling altar of Nemelex Xobeh.
  3128 | D:3      | Reached XP level 7. HP: 53/53 MP: 7/7
  3578 | D:4      | Identified the amulet "Giash" {Spirit +Inv rC+++ Regen+
                  | Stlth-}
  3727 | D:5      | Entered Level 5 of the Dungeon
  3876 | D:5      | Reached skill level 6 in Maces & Flails
  4148 | D:5      | Reached skill level 7 in Maces & Flails
  4148 | D:5      | Gained mutation: You regenerate a little health from kills.
                  | [demonic ancestry]
  4148 | D:5      | Reached XP level 8. HP: 60/60 MP: 8/8
  4514 | D:2      | Bought an iron wand for 116 gold pieces
  4616 | D:5      | Found a hide-covered altar of Uskayaw.
  4628 | D:5      | Found a shimmering altar of Xom.
  4631 | D:5      | Found a hazy altar of Hepliaklqana.
  4632 | D:5      | Found a shimmering blue altar of Sif Muna.
  4633 | D:5      | Found a radiant altar of Vehumet.
  4785 | D:6      | Noticed Prince Ribbit
  4819 | D:6      | Killed Prince Ribbit
  4820 | D:6      | Reached skill level 8 in Maces & Flails
  5045 | D:6      | Found a staircase to the Ecumenical Temple.
  5055 | Temple   | Entered the Ecumenical Temple
  5172 | D:6      | Reached skill level 1 in Dodging
  5597 | D:6      | Reached skill level 9 in Maces & Flails
  5602 | D:6      | Reached XP level 9. HP: 48/65 MP: 3/9
  5974 | D:7      | Reached skill level 1 in Stealth
  5988 | D:7      | Reached skill level 1 in Evocations
  6052 | D:7      | Reached skill level 1 in Throwing
  6096 | D:7      | Noticed Pikel
  6108 | D:7      | Killed Pikel
  6109 | D:7      | Reached skill level 10 in Maces & Flails
  6150 | D:7      | Upgraded the game from 0.30-a0-956-gcec3b41aec to
                  | 0.30-a0-964-gd452b5e7fa
  6251 | D:7      | Reached skill level 5 in Fighting
  6836 | D:8      | Reached skill level 11 in Maces & Flails
  6836 | D:8      | Gained mutation: A meltable icy envelope protects you from
                  | harm. (AC +4) [demonic ancestry]
  6836 | D:8      | Reached XP level 10. HP: 76/76 MP: 10/10
  6963 | D:8      | Found a staircase to the Lair.
  7064 | D:8      | Found a shadowy altar of Dithmenos.
  7265 | D:8      | Noticed Psyche
  7268 | D:8      | Killed Psyche
  7269 | D:8      | Reached skill level 12 in Maces & Flails
  7445 | D:2      | Bought a shiny chain mail for 217 gold pieces
  8290 | D:9      | Found Haetiats's Jewellery Emporium.
  8762 | D:10     | Entered Level 10 of the Dungeon
  8825 | D:10     | Found a staircase to the Orcish Mines.
  9015 | D:10     | Gained mutation: You regenerate health from kills. [demonic
                  | ancestry]
  9015 | D:10     | Reached XP level 11. HP: 62/86 MP: 7/11
  9034 | D:10     | Reached skill level 13 in Maces & Flails
  9125 | D:10     | Identified the +1 helmet of Idwyoza {+Blink Int+3}
  9218 | D:10     | Noticed Lodul
  9244 | D:10     | Killed Lodul
  9484 | D:10     | Found a bloodstained altar of Trog.
  9486 | D:10     | Noticed a wizard
  9492 | D:10     | Killed a wizard
  9494 | D:10     | Became a worshipper of Trog the Wrathful
  9507 | D:10     | Reached skill level 5 in Unarmed Combat
  9661 | D:10     | Noticed a two-headed ogre
  9677 | D:10     | Killed a two-headed ogre
  9678 | D:10     | Reached skill level 14 in Maces & Flails
  9704 | D:10     | Reached * piety under Trog
 10604 | D:11     | Noticed a two-headed ogre
 10620 | D:11     | Killed a two-headed ogre
 10657 | D:11     | Gained mutation: Your touch may inflict irresistible damage
                  | on your foes. [demonic ancestry]
 10657 | D:11     | Reached XP level 12. HP: 92/92 MP: 12/12
 10869 | D:11     | Noticed a two-headed ogre
 10877 | D:11     | Killed a two-headed ogre
 10991 | D:11     | Reached skill level 15 in Maces & Flails
 11083 | D:11     | Found a burning altar of Makhleb.
 11085 | D:11     | Noticed a balrug
 11293 | D:12     | Noticed a tengu warrior
 11301 | D:12     | Killed a tengu warrior
 11799 | D:13     | Found a frozen archway.
 11803 | D:13     | Reached ** piety under Trog
 11827 | D:13     | Noticed a boulder beetle
 11864 | D:13     | Killed a boulder beetle
 11869 | IceCv    | Entered an ice cave
 12104 | IceCv    | Found an ancient bone altar of Kikubaaqudgha.
 12108 | IceCv    | Reached skill level 16 in Maces & Flails
 12148 | IceCv    | Reached skill level 5 in Armour
 12153 | IceCv    | Reached *** piety under Trog
 12421 | IceCv    | Reached XP level 13. HP: 63/98 MP: 2/13
 12519 | IceCv    | Identified the ring "Viopno" {rN+ Str+2}
 12670 | D:13     | Identified a scroll of acquirement
 12670 | D:13     | Acquired the +4 eveningstar of the Trees {elec, Drain rN+
                  | Dex+2}
 12676 | D:13     | Gained mutation: Your movements are slightly less
                  | encumbered by armour. (ER -2) [potion of mutation]
 12676 | D:13     | Gained mutation: You possess an exceptional clarity of
                  | mind. [potion of mutation]
 12676 | D:13     | Gained mutation: Your mind is acute. (Int +4, Str/Dex -1)
                  | [potion of mutation]
 12975 | D:13     | Identified the +3 chain mail "Uneupaef" {Will+ Int+4}
 13381 | D:14     | Reached **** piety under Trog
 13731 | D:14     | Found a gate to the Vaults.
 13971 | D:14     | Reached skill level 17 in Maces & Flails
 14206 | D:15     | Entered Level 15 of the Dungeon
 14663 | D:15     | Reached XP level 14. HP: 49/108 MP: 5/14
 14918 | D:15     | Found a staircase to the Depths.
 14919 | D:15     | Noticed an emperor scorpion
 14938 | D:15     | Killed an emperor scorpion
 15275 | Lair:1   | Entered Level 1 of the Lair of Beasts
 15407 | Lair:1   | Found a gate leading to a gauntlet.
 15416 | Gauntlet | Entered a Gauntlet
 15416 | Gauntlet | Found a transporter.
 15421 | Gauntlet | Found a transporter.
 15425 | Gauntlet | Found a transporter.
 15431 | Gauntlet | Found a transporter.
 15438 | Gauntlet | Found a transporter.
 15442 | Gauntlet | Found a transporter.
 15446 | Gauntlet | Noticed a cacodemon
 15447 | Gauntlet | Found a transporter.
 15457 | Gauntlet | Found a transporter.
 15458 | Gauntlet | Found a transporter.
 15463 | Gauntlet | Found a transporter.
 15470 | Gauntlet | Found a transporter.
 15474 | Gauntlet | Found a transporter.
 15480 | Gauntlet | Found a transporter.
 15487 | Gauntlet | Found a transporter.
 15725 | Gauntlet | Gained mutation: You are clumsy. (Dex -2) [a neqoxec]
 15726 | Gauntlet | Killed a cacodemon
 15731 | Gauntlet | Gained mutation: You occasionally lose the ability to drink
                  | potions when taking damage. [a neqoxec]
 15741 | Gauntlet | Gained mutation: Your magical capacity is low. (-10% MP) [a
                  | neqoxec]
 15778 | Gauntlet | Reached skill level 10 in Fighting
 15843 | Gauntlet | Identified the +1 cloak "Juciacoe" {Will+ rCorr Str+2}
 15905 | Gauntlet | Got the Guide on Sculpting
 15911 | Gauntlet | Identified the +6 tower shield of the Wary Friars {Dex+2}
 15949 | Lair:1   | Reached skill level 18 in Maces & Flails
 15985 | Lair:1   | Reached ***** piety under Trog
 16726 | Lair:2   | Found a hole to the Spider Nest.
 16861 | Lair:2   | Found a staircase to the Swamp.
 17304 | Lair:2   | Found a basalt altar of Yredelemnul.
 17623 | Lair:3   | HP: 5/111 [cane toad (2)]
 17624 | Lair:3   | HP: 2/111 [cane toad (3)]
 17625 | Lair:3   | Mangled by a cane toad

Illustrated notes

Levels and vault maps discovered:
D:1:      pf_arrival_petrified_forest, layout_basic,
          ebering_ecumenical_altar_rust, serial_shops, nicolae_square_shop
D:2:      layout_loops_ring, serial_shops, nicolae_square_shop,
          nicolae_shop_statue_plus, shop, shop,
          nicolae_shop_bloodbath_and_beyond, minmay_lizard_king
D:3:      layout_basic, mainiacjoe_overflow_catwalk_spiral,
          minmay_misc_feat_doors
D:4:      layout_loops_cross, wad_orctagon, uniq_edmund
D:5:      layout_basic, minitemple, minmay_fountain_box
D:6:      layout_basic, minmay_temple_entry_drinking_statues,
          chequers_serial_rivers_micro_d, grunt_ministairs_3,
          uniq_prince_ribbit1
D:7:      layout_cave_pools, minmay_misc_feat_iff, uniq_pikel
D:8:      layout_basic, grunt_dithmenos_smoke, minmay_lair_entry_grove,
          kennysheep_minor_cross, uniq_psyche
D:9:      layout_long_grid, serial_shops, nicolae_shop_window_shopping,
          minmay_crystal_water, nrook_uturn
D:10:     layout_basic, trog_wizard, minmay_orc_entry_temple_small,
          serial_undead, serial_undead_d, serial_undead_a, serial_undead_e,
          serial_undead_b, serial_undead_a, serial_undead_b, uniq_lodul
D:11:     layout_roguey, makhleb_altar_promises_db
D:12:     layout_cave_pools, eino_house_with_fridge
D:13:     layout_cave_pools, portal_ice_cave_entry_ice_simulacra
D:14:     nzn_winding_woodlands_three_and_one
          [nzn_winding_woodlands_5x15_concentric,
          nzn_winding_woodlands_5x15_pathside_ponds,
          nzn_winding_woodlands_5x15_twine,
          nzn_winding_woodlands_center_garden], layout_loops_ring, erik_vaults_1
D:15:     hangedman_depths_entry_try_elsewhere_first, layout_basic,
          hangedman_decor_peaks_small
Temple:   jpeg_temple_clearing
Lair:1:   layout_hall_layers, gauntlet_entry_generic, minivault_24
Lair:2:   layout_chaotic_city, skrybe_swamp_entry_bodies,
          nicolae_spider_entry_non_spiders, basic_altar
Lair:3:   layout_chaotic_city, beast_lair_carwin_8

Skill      XL: |  1  2  3  4  5  6  7  8  9 10 11 12 13 14 |
---------------+-------------------------------------------+-----
Maces & Flails | 2 3 4 5 7 9 11 12 14 16 17 18 | 18.4
Armour         | 3 4 6 8 |  8.0
Unarmed Combat | 1 2 3 4 6 8 |  8.0
Fighting       | 4 5 7 8 9 10 | 10.7
Dodging        | 2 3 4 |  4.0
Stealth        | 1 2 |  2.0
Evocations     | 1 2 |  2.0
Throwing       | 1 2 |  2.0
Shields        | |  2.6

Action                     |  1- 3 |  4- 6 |  7- 9 | 10-12 | 13-15 || total
---------------------------+-------+-------+-------+-------+-------++-------
  Melee: Flail             |    91 |    78 |   281 |   864 |    18 ||  1332
         Touch             |     9 |    16 |    44 |   163 |   115 ||   347
         Punch             |     1 |     2 |    11 |    45 |    37 ||    96
         Eveningstar       |       |       |       |       |   495 ||   495
  Throw: Stone             |       |       |       |    20 |    12 ||    32
         Dart              |       |       |       |     1 |       ||     1
 Invoke: Berserk           |       |       |       |     2 |     3 ||     5
         Trog's Hand       |       |       |       |     2 |     1 ||     3
  Evoke: Wand              |       |       |     3 |    13 |       ||    16
    Use: Scroll            |     4 |       |    14 |     6 |     3 ||    27
         Potion            |       |       |     4 |     1 |     3 ||     8
 Armour: Scale mail        |    26 |       |       |       |       ||    26
         Ring mail         |    18 |    26 |   184 |    40 |       ||   268
         Chain mail        |       |       |       |   452 |   356 ||   808
  Dodge: Dodged            |    43 |    40 |   201 |   290 |   247 ||   821
  Block: Buckler           |     3 |       |       |       |       ||     3
         Other             |       |     8 |    52 |   114 |    89 ||   263

Table legend: (Time is in decaauts)
 A = Elapsed time spent in this place.
 B = Non-inter-level travel time spent in this place.
 C = Inter-level travel time spent in this place.
 D = Time resting spent in this place.
 E = Time spent auto-exploring this place.
 F = Levels seen in this place.
 G = Mean time per level.
                   A        B        C        D        E       F      G
               +--------+--------+--------+--------+--------+-----+--------+
         Total |  17351 |  14447 |   2904 |    947 |   8545 |  21 |  826.2 |
       Dungeon |  14212 |  11536 |   2676 |    753 |   7329 |  15 |  947.5 |
        Temple |     89 |     77 |     12 |      0 |     65 |   1 |   89.0 |
          Lair |   1782 |   1566 |    216 |      0 |   1141 |   3 |  594.0 |
      Ice Cave |    743 |    743 |      0 |    113 |      0 |   1 |  743.0 |
      Gauntlet |    523 |    523 |      0 |     81 |     10 |   1 |  523.0 |
               +--------+--------+--------+--------+--------+-----+--------+

Top non-repeatable levels by time:
    D:10: 1530 daAuts
     D:2: 1206 daAuts
     D:4: 1150 daAuts
     D:9: 1109 daAuts
    D:14: 1080 daAuts
     D:3: 1012 daAuts
     D:6: 1008 daAuts
     D:5: 991 daAuts
  Lair:1: 958 daAuts
     D:8: 852 daAuts
     D:1: 849 daAuts
    D:15: 844 daAuts
  Lair:2: 801 daAuts
   IceCv: 743 daAuts
     D:7: 735 daAuts
